 Dungeon Crawl Stone Soup version 0.31-a0-369-g8eba5f6939 (webtiles) character file.

Game seed: 11634036304929368568

1 shadowstone the Grave Robber (level 1, 0/13 HPs)
             Began as a Mummy Necromancer on July 28, 2023.
             Slain by a goblin
             ... wielding a +0 club
              (2 damage)
             ... on level 1 of the Dungeon.
             The game lasted 00:00:33 (83 turns).

shadowstone the Grave Robber (Mummy Necromancer)      Turns: 83, Time: 00:00:33

Health: 0/13       AC:  2    Str: 11    XL:     1   Next: 16%
Magic:  4/4        EV: 12    Int: 14    God:
Gold:   10         SH:  0    Dex: 12    Spells: 4/5 levels left

rFire   x . .        b - +0 mace
rCold   + . .        (no shield)
rNeg    + + +        a - +0 robe
rPois   ∞            (no helmet)
rElec   .            (no cloak)
rCorr   .            (no gloves)
SInv    .            (no boots)
Will    .....        (no amulet)
Stlth   ++           (no ring)
HPRegen 0.22/turn    (no ring)
MPRegen 0.09/turn

%: faith
@: no status effects
A: cold resistance 1, negative energy resistance 3, torment resistance 2, heat
vulnerability 1, no potions, faith
a: no special abilities


You were on level 1 of the Dungeon.
You visited 1 branch of the dungeon, and saw 1 of its levels.

You collected 10 gold pieces.

Inventory:

Hand Weapons
 b - a +0 mace (weapon)
Armour
 a - a +0 robe (worn)


   Skills:
 + Level 1.5 Dodging
 + Level 1.5 Stealth
 + Level 2.6 Spellcasting
 + Level 4.0 Necromancy


You had 4 spell levels left.
You knew the following spells:

 Your Spells              Type           Power      Damage    Failure   Level
a - Necrotise             Necr           52%        1d6       4%          1

Your spell library contained the following spells:

 Spells                   Type           Power      Damage    Failure   Level
 Vampiric Draining        Necr           13%        2d6       12%         3
 Animate Dead             Necr           13%        N/A       38%         4
 Agony                    Necr           13%        N/A       75%         5


Dungeon Overview and Level Annotations

Branches:
Dungeon (1/15)

Altars:


Innate Abilities, Weirdness & Mutations

You are immune to poison.
Your flesh is cold resistant. (rC+)
You are immune to negative energy. (rN+++)
You are immune to unholy pain and torment.
You are vulnerable to heat. (rF-)
You do not drink.
You have a special connection with the divine. (Faith)


Message History

You see here a +0 mace.
b - a +0 mace
b - a +0 mace (weapon)
Found a mace.
Found a scroll labelled BAJACWITTE.
A ball python comes into view.
Found 3 gold pieces.
The ball python hisses angrily.
You hear an angry hiss. x2
A ball python comes into view.
A goblin comes into view. It is wielding a +0 club.
Found a ring mail.
The goblin shouts!
A rat comes into view.
An endoplasm comes into view.
The ball python attacks as you move away!
The ball python barely misses you.
You hit the ball python.
You kill the ball python!
The ball python misses you. The ball python closely misses you.
You completely miss the ball python. The ball python barely misses you.
The ball python closely misses you. The ball python bites you.
The ball python misses you.
You barely miss the ball python. The goblin hits you with a +0 club.
The ball python bites you. The ball python closely misses you.
You hit the ball python but do no damage.
The ball python bites you. The ball python closely misses you.
The goblin misses you. The ball python closely misses you.
The ball python misses you. The goblin misses you.
You hit the ball python.
The ball python is moderately wounded.
The ball python bites you but does no damage.
The ball python grabs you. The ball python constricts you.
The goblin hits you with a +0 club. The ball python bites you.
* * * LOW HITPOINT WARNING * * *
The ball python constricts you.
Unknown command.
You hit the ball python.
You kill the ball python!
The goblin hits you with a +0 club.
You die...

..... ## # ###
#..#.#.#.# #.. ##
..##.#.#.#.#.#.> ##. .##
.....#.#.#.#.## #..
...##.....#.#.#.#.####..
....#....#.≈≈≈≈~.#.##...
..........#≈...~#..#....
.?.......#.≈<..~.#.#...#
.......@!.#≈...~#.....##
......g†.#.≈≈≈≈~.#..#.#
..........#.#.#.#...#.#
....#....#.#.#.#.#....#
....#.....#.#.#.#....##
###......#.#.#.#.#...#
#$.##................#
Jr #..............#.# [
#.......#......#...


You could see a goblin.

Vanquished Creatures
  2 ball pythons (D:1)
  A rat (D:1)
3 creatures vanquished.

Notes
Turn   | Place    | Note
-------+----------+-------------------------------------------
     0 | D:1      | shadowstone the Mummy Necromancer began the quest for the
                  | Orb.
     0 | D:1      | Reached XP level 1. HP: 13/13 MP: 4/4
    83 | D:1      | Slain by a goblin

Illustrated notes

Levels and vault maps discovered:
D:1:      ncdulo_watergridlock, layout_rooms, minmay_tetromino_l4

Action                     || total
---------------------------++-------
  Melee: Mace              ||     6
         Unarmed           ||     3
 Armour: Robe              ||     2
  Dodge: Dodged            ||    15

Table legend: (Time is in decaauts)
 A = Elapsed time spent in this place.
 B = Non-inter-level travel time spent in this place.
 C = Inter-level travel time spent in this place.
 D = Time resting spent in this place.
 E = Time spent auto-exploring this place.
 F = Levels seen in this place.
 G = Mean time per level.
                   A        B        C        D        E       F      G
               +--------+--------+--------+--------+--------+-----+--------+
         Total |     88 |     88 |      0 |      0 |     14 |   1 |   88.0 |
       Dungeon |     88 |     88 |      0 |      0 |     14 |   1 |   88.0 |
               +--------+--------+--------+--------+--------+-----+--------+

Top non-repeatable levels by time:
     D:1: 88 daAuts
